 Dungeon Crawl Stone Soup version 0.28-a0-445-g51f8dfeb47 (webtiles) character file.

Game seed: 7201328089107859427

120 Kavrick the Cudgeller (level 5, -4/49 HPs)
             Began as a Gargoyle Monk on Sept 13, 2021.
             Was a Priest of Trog.
             Slain by an ogre (19 damage)
             ... on level 3 of the Dungeon.
             The game lasted 00:03:01 (2569 turns).

Kavrick the Cudgeller (Gargoyle Monk)               Turns: 2569, Time: 00:03:02

Health: -4/49      AC: 13    Str: 15    XL:     5   Next: 4%
Magic:  5/5        EV:  7    Int: 11    God:    Trog [***...]
Gold:   65         SH:  0    Dex: 12    Spells: 4/4 levels left

rFire   + . .      SeeInvis .   a - +1 mace
rCold   . . .      Faith    .   (no shield)
rNeg    + . .      Spirit   .   h - +0 chain mail
rPois   ∞          Reflect  .   (no helmet)
rElec   +          Harm     .   c - +0 cloak
rCorr   .          Rampage  .   (no gloves)
Will    .....                   (no boots)
Stlth   ..........              (no amulet)
HPRegen 0.16/turn               d - ring of protection from fire
MPRegen 0.09/turn               (no ring)

@: berserking, very quick
A: sickness immunity, AC +4, negative energy resistance 1, electricity
resistance, torment resistance 1, petrification resistance
a: Renounce Religion, Berserk, Trog's Hand


You were on level 3 of the Dungeon.
You worshipped Trog.
Trog was most pleased with you.
You visited 1 branch of the dungeon, and saw 3 of its levels.

You collected 65 gold pieces.

Inventory:

Hand Weapons
 a - a +1 mace (weapon)
Armour
 c - a +0 cloak (worn)
 g - a +0 leather armour
 h - a +0 chain mail (worn)
Jewellery
 d - a ring of protection from fire (left hand)
Scrolls
 b - a scroll of magic mapping
 f - a scroll of teleportation
Potions
 e - a potion of magic {unknown}
 i - 2 potions of attraction
 l - a potion of resistance {unknown}


   Skills:
 + Level 4.1 Fighting
 * Level 4.4 Maces & Flails
 + Level 2.2 Armour
 - Level 2.4 Dodging
 - Level 2.1 Stealth


You had 4 spell levels left.
You didn't know any spells.
Your spell library was empty.

Dungeon Overview and Level Annotations

Branches:
Dungeon (3/15)

Altars:
Trog


Innate Abilities, Weirdness & Mutations

You are immune to sickness and miasma.
Your stone body is resilient. (AC +4)
You are immune to poison.
You resist negative energy. (rN+)
You are resistant to electric shocks. (rElec)
You are resistant to unholy torment.
You are immune to petrification.


Message History

You are exhausted.
You feel yourself slow down.
b - a scroll of magic mapping
Items here: ( )) [ †.
e - a glowing pink potion You feel yourself speed up.
You recover from your berserk rage.
Found a stone staircase leading down.
No target in view!
i - 2 potions of attraction (gained 1)
An endoplasm comes into view.
An endoplasm is nearby!
The endoplasm hits you but does no damage.
You hit the endoplasm.
You kill the endoplasm!
Trog accepts your kill.
No target in view!
No target in view!
No target in view!
No target in view!
No target in view!
No target in view!
No target in view!
No target in view!
No target in view!
Found a club.
You now have 65 gold pieces (gained 11).
An ogre comes into view. It is wielding a +0 giant spiked club.
The ogre shouts!
An ogre is nearby!
An orc comes into view. It is wielding a +0 club.
An ogre is nearby!
An ogre is nearby!
An ogre is nearby!
The ogre hits you with a +0 giant spiked club!!
Ouch! That really hurt!
A red film seems to cover your vision as you go berserk!
You feel yourself moving faster!
You feel mighty!
The ogre hits you with a +0 giant spiked club!!
You die...

*,,,* *................# #.
*,*****.#...##.###.#...# #. *,*
*,,,##.#*#.........# #.
**.**#,***#.# #####.#.#.########.
,,...#.####.# #.#.#.......##.
,,........#.## #.#.#######.##.
,,...o...o...# #.#.# #.##.
,,...#.##.#..######.#.#######.##.
,,,,,*,*#.#...oO@...#.....>......
*****#,##.#.#################.###
***###.#....# #.# ,,,)........#
#.#
****####...##################.#
##.....................#
#######################


You could see an ogre and an orc.

Vanquished Creatures
  An orc priest (D:2)
  An orc wizard (D:2)
  An adder (D:2)
  An adder skeleton (D:3)
  2 dart slugs
  2 orcs
  5 ball pythons
  8 bats
  6 endoplasms
  5 goblins
  2 hobgoblins (D:2)
  3 kobolds
  3 quokkas
  5 rats
45 creatures vanquished.

Notes
Turn   | Place    | Note
-------+----------+-------------------------------------------
     0 | D:1      | Kavrick the Gargoyle Monk began the quest for the Orb.
     0 | D:1      | Reached XP level 1. HP: 14/14 MP: 1/1
   169 | D:1      | Reached XP level 2. HP: 9/19 MP: 2/2
   441 | D:1      | Found a faded altar of an unknown god.
   485 | D:1      | Became a worshipper of Trog the Wrathful
   485 | D:1      | Reached * piety under Trog
   485 | D:1      | Reached ** piety under Trog
   689 | D:1      | Reached skill level 1 in Armour
  1209 | D:1      | Reached XP level 3. HP: 23/23 MP: 3/3
  1383 | D:2      | Reached *** piety under Trog
  1653 | D:2      | Reached XP level 4. HP: 7/29 MP: 4/4
  2462 | D:3      | Reached XP level 5. HP: 33/33 MP: 5/5
  2556 | D:3      | Noticed an ogre
  2569 | D:3      | Slain by an ogre

Illustrated notes

Levels and vault maps discovered:
D:1:      dpeg_arrival_shelter, layout_basic, hellmonk_ecumenical_altar_blasted,
          corexii_leaking_fountain
D:2:      layout_basic
D:3:      layout_loops_ring

Skill      XL: |  1  2  3  4 |
---------------+-------------+-----
Armour         | 1 2 |  2.2
Maces & Flails | 4 |  4.4
Fighting       | 4 |  4.1
Dodging        | |  2.4
Stealth        | |  2.1

Action                   |  1- 3 |  4- 6 || total
-------------------------+-------+-------++-------
Melee: Mace              |    79 |    49 ||   128
Invok: Berserk           |       |     3 ||     3
  Use: Scroll            |       |     6 ||     6
 Stab: Sleeping          |     6 |       ||     6
Armor: Robe              |    14 |       ||    14
       Leather armour    |    10 |       ||    10
       Chain mail        |    21 |    36 ||    57
Dodge: Dodged            |    57 |    11 ||    68

Table legend: (Time is in decaauts)
 A = Elapsed time spent in this place.
 B = Non-inter-level travel time spent in this place.
 C = Inter-level travel time spent in this place.
 D = Time resting spent in this place.
 E = Time spent auto-exploring this place.
 F = Levels seen in this place.
 G = Mean time per level.
                   A        B        C        D        E       F      G
               +--------+--------+--------+--------+--------+-----+--------+
         Total |   2614 |   2487 |    127 |    455 |   1619 |   3 |  871.3 |
       Dungeon |   2614 |   2487 |    127 |    455 |   1619 |   3 |  871.3 |
               +--------+--------+--------+--------+--------+-----+--------+

Top non-repeatable levels by time:
     D:1: 1328 daAuts
     D:2: 1130 daAuts
     D:3: 155 daAuts
